 Dungeon Crawl Stone Soup version 0.29-a0-392-g297d3b089c (webtiles) character file.

Game seed: 7575170741229702116

420 croobank the Firebug (level 6, -5/44 HPs)
             Began as a Gnoll Fire Elementalist on May 8, 2022.
             Slain by a black bear (6 damage)
             ... on level 5 of the Dungeon.
             The game lasted 00:14:56 (4794 turns).

croobank the Firebug (Gnoll Fire Elementalist)      Turns: 4794, Time: 00:14:56

Health: -5/44      AC:  4    Str:  8    XL:     6   Next: 94%
Magic:  1/14       EV: 13    Int: 16    God:
Gold:   200        SH:  0    Dex: 12    Spells: 8/15 levels left

rFire   + . .      SeeInvis .     - Unarmed
rCold   + . .      Faith    .   (no shield)
rNeg    + . .      Spirit   .   r - +1 robe {rN+}
rPois   +          Reflect  .   c - +0 helmet
rElec   +          Harm     .   (no cloak)
rCorr   +          Rampage  .   (no gloves)
Will    .....                   (no boots)
Stlth   +++.......              l - amulet of regeneration
HPRegen 0.94/turn               (no ring)
MPRegen 0.14/turn               (no ring)

@: resistant, attractive
A: fangs 1, strong nose, distributed training
a: no special abilities


You were on level 5 of the Dungeon.
You visited 1 branch of the dungeon, and saw 5 of its levels.

You collected 200 gold pieces.

Inventory:

Hand Weapons
 b - a +2 vorpal hunting sling
Missiles
 d - 18 poisoned darts
 j - 165 stones
 s - 5 boomerangs of dispersal
Armour
 c - a +0 helmet (worn)
 g - a +0 robe
 p - a +0 ring mail
 r - a +1 robe of positive energy (worn)
Magical Staves
 a - a staff of poison
Jewellery
 h - an amulet of the acrobat
 l - an amulet of regeneration (around neck)
Scrolls
 f - a scroll of fog
 u - a scroll of teleportation {unknown}
Potions
 e - 3 potions of flight
 i - a potion of magic
 k - 2 potions of brilliance
 m - 6 potions of curing
 n - 3 potions of might
 o - 2 potions of invisibility


   Skills:
 + Level 2.1 Fighting
 + Level 2.1 Short Blades
 + Level 2.1 Long Blades
 + Level 2.1 Axes
 + Level 2.1 Maces & Flails
 + Level 2.1 Polearms
 + Level 2.1 Staves
 + Level 2.1 Slings
 + Level 2.1 Bows
 + Level 2.1 Crossbows
 + Level 2.1 Throwing
 + Level 2.1 Armour
 + Level 5.1 Dodging
 + Level 4.7 Stealth
 + Level 2.1 Shields
 + Level 2.1 Unarmed Combat
 + Level 5.4 Spellcasting
 + Level 2.7 Conjurations
 + Level 1.7 Hexes
 + Level 1.7 Summonings
 + Level 1.7 Necromancy
 + Level 1.7 Translocations
 + Level 1.7 Transmutations
 + Level 5.7 Fire Magic
 + Level 1.7 Ice Magic
 + Level 1.7 Air Magic
 + Level 1.7 Earth Magic
 + Level 1.7 Poison Magic
 + Level 2.4 Invocations
 + Level 2.1 Evocations


You had 8 spell levels left.
You knew the following spells:

 Your Spells              Type           Power      Damage    Failure   Level
a - Foxfire               Conj/Fire      72%        2x1d7     2%          1
b - Scorch                Fire           44%        2d7       1%          2
c - Flame Wave            Conj/Fire      18%        2d6       26%         4

Your spell library contained the following spells:

 Spells                   Type           Power      Damage    Failure   Level
 Conjure Flame            Conj/Fire      18%        6-21      8%          3
 Inner Flame              Hex/Fire       16%        N/A       10%         3
 Call Canine Familiar     Summ           9%         N/A       22%         3
 Portal Projectile        Hex/Tloc       18%        N/A       22%         3
 Leda's Liquefaction      Hex/Erth       4%         N/A       56%         4


Dungeon Overview and Level Annotations

Branches:
Dungeon (5/15)
 Temple: D:4-7

Altars:
Uskayaw

Shops:
D:1 ?


Innate Abilities, Weirdness & Mutations

You have very sharp teeth.
Your uncanny sense of smell can sniff out nearby items.
Your experience applies equally to all skills.


Message History

The black bear goes berserk!
Casting: Foxfire (safe; 2% risk of failure)
Confirm with . or Enter, or press ? or * to list all spells.
You conjure some foxfire!
The foxfire hits the black bear.
The black bear is almost dead.
You hear a shout! x2
You barely miss the black bear.
The black bear is almost dead.
The foxfire hits the black bear but does no damage.
The black bear is almost dead.
You hit the black bear but do no damage.
You bite the black bear, but do no damage.
The black bear is almost dead.
The black bear closely misses you.
The black bear claws you but does no damage.
The black bear claws you. The black bear barely misses you. x2
The black bear claws you.
You closely miss the black bear.
The black bear is almost dead.
The black bear bites you. The black bear barely misses you.
The black bear claws you.
You barely miss the black bear. Your punch misses the black bear.
The black bear is almost dead.
The black bear bites you! The black bear claws you.
The black bear barely misses you. The black bear bites you!
* * * LOW HITPOINT WARNING * * *
The black bear misses you. The black bear claws you.
* * * LOW HITPOINT WARNING * * *
Okay, then.
It was a potion of attraction.
You feel attractive to monsters. The black bear bites you.
* * * LOW HITPOINT WARNING * * *
The black bear closely misses you. x2
It was a potion of resistance.
You feel protected.
The black bear closely misses you. x2; The black bear claws you.
* * * LOW HITPOINT WARNING * * *
The black bear closely misses you. The black bear claws you.
You die...

#. ∆.# ##### .. .# ....#
#. ∆.# ###.# #.## ##.# #
#... ...# #.#..# #..#
#.##.#..######..#
###.............h.####..
..........#.####@†......
#########.#.# ######.).
####..#.#######
#..........^..#
#.##.##.#####.#
#.##.##.# #.######.# ##
#.##.##.# #........# .#
#.##.##.# #.######## .#
#.##.##.#####.#


You could see a black bear (berserk).

Vanquished Creatures
  2 scorpions
  3 hounds
  A jelly (D:5)
  4 gnolls
  4 adders
  An ufetubus (D:4)
  6 dart slugs
  2 orcs
  5 endoplasms
  A giant cockroach (D:3)
  15 goblins
  9 hobgoblins
  3 jackals (D:4)
  10 kobolds
  3 quokkas
  7 ball pythons
  8 bats
  4 frilled lizards
  7 rats
95 creatures vanquished.

Vanquished Creatures (collateral kills)
  4 foxfires (D:1)
4 creatures vanquished.

Vanquished Creatures (others)
  131 foxfires
  A plant (D:1)
132 creatures vanquished.

Grand Total: 231 creatures vanquished

Notes
Turn   | Place    | Note
-------+----------+-------------------------------------------
     0 | D:1      | croobank the Gnoll Fire Elementalist began the quest for
                  | the Orb.
     0 | D:1      | Reached XP level 1. HP: 13/13 MP: 6/6
     3 | D:1      | Noticed an electric eel
     4 | D:1      | Noticed an electric eel
   105 | D:1      | Reached XP level 2. HP: 19/19 MP: 4/7
   143 | D:1      | Learned a level 2 spell: Scorch
   477 | D:1      | Reached skill level 5 in Spellcasting
   477 | D:1      | Reached XP level 3. HP: 18/25 MP: 0/9
   606 | D:1      | Found Ettocad's Magic Scroll Boutique.
   933 | D:2      | Reached skill level 1 in Invocations
  1582 | D:2      | Reached skill level 1 in Fighting
  1582 | D:2      | Reached skill level 1 in Short Blades
  1582 | D:2      | Reached skill level 1 in Long Blades
  1582 | D:2      | Reached skill level 1 in Axes
  1582 | D:2      | Reached skill level 1 in Maces & Flails
  1582 | D:2      | Reached skill level 1 in Polearms
  1582 | D:2      | Reached skill level 1 in Staves
  1582 | D:2      | Reached skill level 1 in Slings
  1582 | D:2      | Reached skill level 1 in Bows
  1582 | D:2      | Reached skill level 1 in Crossbows
  1582 | D:2      | Reached skill level 1 in Throwing
  1582 | D:2      | Reached skill level 1 in Armour
  1582 | D:2      | Reached skill level 1 in Shields
  1582 | D:2      | Reached skill level 1 in Unarmed Combat
  1582 | D:2      | Reached skill level 1 in Evocations
  1582 | D:2      | Reached XP level 4. HP: 27/32 MP: 7/11
  2053 | D:3      | Found a hide-covered altar of Uskayaw.
  2603 | D:3      | Reached skill level 1 in Hexes
  2603 | D:3      | Reached skill level 1 in Summonings
  2603 | D:3      | Reached skill level 1 in Necromancy
  2603 | D:3      | Reached skill level 1 in Translocations
  2603 | D:3      | Reached skill level 1 in Transmutations
  2603 | D:3      | Reached skill level 1 in Ice Magic
  2603 | D:3      | Reached skill level 1 in Air Magic
  2603 | D:3      | Reached skill level 1 in Earth Magic
  2603 | D:3      | Reached skill level 1 in Poison Magic
  3066 | D:4      | Learned a level 4 spell: Flame Wave
  3361 | D:4      | Noticed a scorpion
  3363 | D:4      | Killed a scorpion
  3364 | D:4      | Reached XP level 5. HP: 37/37 MP: 7/12
  3924 | D:4      | Reached XP level 6. HP: 44/44 MP: 8/13
  4377 | D:5      | Entered Level 5 of the Dungeon
  4508 | D:5      | Reached skill level 5 in Dodging
  4781 | D:5      | Noticed a black bear
  4794 | D:5      | HP: 1/44 [black bear (4)]
  4794 | D:5      | Slain by a black bear

Illustrated notes

Levels and vault maps discovered:
D:1:      arrival_aquarium_b, layout_basic, serial_shops, shop,
          serial_bayou_lagoon_a
D:2:      layout_loops_cross, minmay_cupped
D:3:      layout_loops_ring, mainiacjoe_overflow_six_doors_small
D:4:      layout_basic, minmay_misc_feat_ornament, minmay_goblin_outpost
D:5:      layout_loops_ring, minmay_temple_entry_offerings

Skill      XL: |  1  2  3  4  5  6 |
---------------+-------------------+-----
Conjurations   | 2 |  2.7
Spellcasting   | 5 |  5.4
Invocations    | 1 2 |  2.4
Fighting       | 1 2 |  2.1
Short Blades   | 1 2 |  2.1
Long Blades    | 1 2 |  2.1
Axes           | 1 2 |  2.1
Maces & Flails | 1 2 |  2.1
Polearms       | 1 2 |  2.1
Staves         | 1 2 |  2.1
Slings         | 1 2 |  2.1
Bows           | 1 2 |  2.1
Crossbows      | 1 2 |  2.1
Throwing       | 1 2 |  2.1
Armour         | 1 2 |  2.1
Shields        | 1 2 |  2.1
Unarmed Combat | 1 2 |  2.1
Evocations     | 1 2 |  2.1
Hexes          | 1 |  1.7
Summonings     | 1 |  1.7
Necromancy     | 1 |  1.7
Translocations | 1 |  1.7
Transmutations | 1 |  1.7
Ice Magic      | 1 |  1.7
Air Magic      | 1 |  1.7
Earth Magic    | 1 |  1.7
Poison Magic   | 1 |  1.7
Dodging        | 5 |  5.1
Stealth        | |  4.7
Fire Magic     | |  5.7

Action                   |  1- 3 |  4- 6 || total
-------------------------+-------+-------++-------
Melee: Unarmed           |     4 |     9 ||    13
       Punch             |     1 |       ||     1
       Staff             |    13 |    24 ||    37
       Bite              |     2 |     3 ||     5
 Fire: Hunting sling     |       |    10 ||    10
 Cast: Foxfire           |    38 |    45 ||    83
       Scorch            |    13 |    41 ||    54
  Use: Scroll            |     5 |     8 ||    13
       Potion            |       |     2 ||     2
Armor: Robe              |    11 |     9 ||    20
Dodge: Dodged            |    32 |    39 ||    71

Table legend: (Time is in decaauts)
 A = Elapsed time spent in this place.
 B = Non-inter-level travel time spent in this place.
 C = Inter-level travel time spent in this place.
 D = Time resting spent in this place.
 E = Time spent auto-exploring this place.
 F = Levels seen in this place.
 G = Mean time per level.
                   A        B        C        D        E       F      G
               +--------+--------+--------+--------+--------+-----+--------+
         Total |   4804 |   4765 |     39 |    480 |   3376 |   5 |  960.8 |
       Dungeon |   4804 |   4765 |     39 |    480 |   3376 |   5 |  960.8 |
               +--------+--------+--------+--------+--------+-----+--------+

Top non-repeatable levels by time:
     D:4: 1475 daAuts
     D:2: 1094 daAuts
     D:3: 918 daAuts
     D:1: 900 daAuts
     D:5: 416 daAuts
